wizbiz, neutral female human Wizard ------ --- |....| |[[ |..@.. |[[[..##%##...u.| |[[ ---.-- --- wizbiz the Conjurer Experience level: 5 Strength: 14 Dexterity: 12 Constitution: 14 Intelligence: 17 Wisdom: 10 Charisma: 11 Health: 0(40) Energy: 5(53) Def: 5 Gold: 0 Moves: 2729 Dungeon seed: jXySHqIqnhOyY3AK Game ID: wizbiz_1526610354 Your Inventory: Amulets p - an uncursed amulet versus poison (being worn) Weapons a - a blessed +1 quarterstaff (weapon in hands) z - a +0 sling D - a +0 two-handed sword Armor e - an uncursed +2 cloak of magic resistance (being worn) q - an uncursed +0 pair of high boots (being worn) N - an uncursed +0 dwarvish cloak Y - a blessed +4 ring mail Comestibles I - an uncursed eucalyptus leaf J - an uncursed tin of newt meat M - an uncursed lembas wafer Scrolls j - an uncursed scroll of confuse monster n - 2 blessed scrolls of magic mapping G - 2 uncursed scrolls of identify Spellbooks l - a blessed spellbook of force bolt m - an uncursed spellbook of remove curse A - an uncursed spellbook of magic missile K - an uncursed spellbook of slow monster Q - an uncursed spellbook of confuse monster Potions f - 2 uncursed potions of object detection g - an uncursed potion of levitation h - an uncursed potion of monster detection r - 2 uncursed potions of blindness s - a potion of unholy water Rings c - an uncursed +2 ring of gain constitution (on right hand) d - an uncursed ring of slow digestion (on left hand) Wands b - a wand of digging (0:7) w - a wand of lightning (0:4) E - a wand of cancellation (0:8) Tools C - an uncursed oilskin sack L - an uncursed magic whistle O - an uncursed towel Gems y - an uncursed worthless piece of blue glass P - an uncursed worthless piece of red glass Spells and supernatural/magical abilities: Name Level Category Fail Memory a - force bolt 1 attack 0% 87% m - magic missile 2 attack 0% 95% r - remove curse 3 clerical 93% 87% s - slow monster 2 enchantment 0% 97% u - confuse monster 2 enchantment 0% 100% W - pray for help -- divine ? -- Your skills at the end: Fighting Skills Weapon Skills quarterstaff [Basic] Spellcasting Skills attack spells [Basic] enchantment spells [Basic] Final Attributes: You were piously aligned. You were poison resistant. You were magic-protected. You had slower digestion. You are dead. Vanquished creatures: a leprechaun a dingo a gnome mummy a mountain nymph a red naga hatchling a golden naga hatchling a gray ooze a kitten a dwarf a homunculus a centipede a giant bat a monkey a dwarf zombie a wererat a hobbit 2 large kobolds a hobgoblin 9 giant rats a brown mold a yellow mold a gnome zombie 2 geckos 4 jackals a kobold 2 goblins a grid bug 6 lichens a kobold zombie 5 newts 53 creatures vanquished. Voluntary challenges: You were an atheist. You used a wielded weapon 42 times, starting on turn 28. You read items or engraved 12 times, starting on turn 1021. You never genocided any monsters. You never polymorphed an object. You never changed form. You used no wishes. You never split a pudding. You wrote Elbereth's name 1 time, starting on turn 1285. You never violated your personal moral code. Dungeon overview: The Dungeons of Doom: levels 1 to 8 Level 1 a long staircase Level 2 Level 3 a general store Level 4 a general store stairs to The Gnomish Mines Level 5 Level 6 a sink Level 7 many fountains Level 8 <- You were here an armor shop The Gnomish Mines: Level 5 stairs to The Dungeons of Doom History has recorded: On T:1 you entered the Dungeons of Doom to retrieve the Amulet of Yendor! On T:83 you reached level 2 of The Dungeons of Doom. On T:449 you advanced to experience level 2. On T:534 you reached level 3 of The Dungeons of Doom. On T:866 you reached level 4 of The Dungeons of Doom. On T:1169 you advanced to experience level 3. On T:1233 you reached level 1 of The Gnomish Mines. On T:1282 you reached level 5 of The Dungeons of Doom. On T:1731 you reached level 6 of The Dungeons of Doom. On T:1799 you advanced to experience level 4. On T:2045 you reached level 7 of The Dungeons of Doom. On T:2343 you advanced to experience level 5. On T:2677 you reached level 8 of The Dungeons of Doom. Score breakdown: Gold: 0 ( 0 points) Experience: 5 levels (11141 points) Exploration: 8 levels ( 16.67%) (11577 points) Discoveries: 9 items ( 3.14%) ( 5312 points) Valuables value: (no points given unless you survive) Artifact value: 0 ( 0 points) Variety of kills: 30 monsters ( 7.87%) ( 8418 points) Turncount: 2729 turns ( -460 points) Survival: died (score multiplied by 80%) Total score: 28790 Latest messages: The wand hits the pony! You displace your pony. Pervari zaps a wand of striking! The wand misses it. You hear a nearby zap. The wand misses it. Boing! You hear a nearby zap. The wand misses it. You hear a nearby zap. The wand misses the pony. Boing! You hear a nearby zap. The wand misses it. Boing! You hear someone counting money. You produce a strange whistling sound. You fall down the stairs. Pervari is after your hide, not your money! Moreover, you have no money. Pervari hits! (2x) You die... Pervari takes all your possessions. The oilskin sack is empty. Final status: Goodbye wizbiz the Wizard, killed by a Ms. Pervari, the shopkeeper... You died in The Dungeons of Doom on dungeon level 8 with 28790 points, and 0 pieces of gold, after 2729 moves. You were level 5 with a maximum of 40 hit points when you died.